 Dungeon Crawl Stone Soup version 0.23.2-1-ga50397a (webtiles) character file.

Game seed: 6069037841930399781

980 Fang the Skirmisher (level 8, -11/51 HPs)
             Began as a Gargoyle Berserker on May 23, 2019.
             Was a Priest of Trog.
             Killed by divine providence
             ... invoked by an orc priest
              (17 damage)
             ... on level 5 of the Dungeon.
             The game lasted 00:03:33 (4461 turns).

Fang the Skirmisher (Gargoyle Berserker)            Turns: 4461, Time: 00:03:34

Health: -11/51     AC: 18    Str: 24    XL:     8   Next: 17%
Magic:  8/8        EV:  8    Int:  7    God:    Trog [***...]
Gold:   277        SH:  0    Dex:  9    Spells: 7/7 levels left

rFire    . . .     SeeInvis .   a - +0 war axe
rCold    . . .     Gourm    .   (no shield)
rNeg     + . .     Faith    .   b - +0 plate armour
rPois    ∞         Spirit   .   (no helmet)
rElec    +         Reflect  .   (no cloak)
rCorr    .         Harm     .   (no gloves)
MR       ++...                  (no boots)
Stlth    ..........             (no amulet)
HPRegen  1.17/turn              (no ring)
MPRegen  0.11/turn              (no ring)

@: marked, berserk cooldown, regenerating, slowed, very slow
A: negative energy resistance 1, electricity resistance, unbreathing,
petrification resistance, rot immunity, AC +5
a: Berserk, Trog's Hand, Renounce Religion


You were on level 5 of the Dungeon.
You worshipped Trog.
Trog was most pleased with you.
You were hungry.

You visited 2 branches of the dungeon, and saw 6 of its levels.

You collected 277 gold pieces.

Inventory:

Hand Weapons
 a - a +0 war axe (weapon)
 t - a +1 hand axe of chopping
Armour
 b - a +0 plate armour (worn)
Wands
 z - a wand of random effects (12)
 B - a wand of digging (3)
Scrolls
 d - 2 scrolls of remove curse
 f - a scroll of enchant weapon {unknown}
 g - 5 scrolls of identify {unknown}
 h - 5 scrolls of teleportation {unknown}
 i - a scroll of amnesia {unknown}
 l - 2 scrolls of noise {unknown}
 o - 3 scrolls of magic mapping {unknown}
 s - a scroll of enchant armour {unknown}
 v - a scroll of fog {unknown}
 w - a scroll of blinking {unknown}
 y - a scroll of fear {unknown}
Potions
 e - 2 potions of heal wounds {unknown}
 j - 2 potions of lignification {unknown}
 k - 4 potions of curing {unknown}
 m - a potion of mutation {unknown}
 n - a potion of resistance {unknown}
 p - a potion of magic {unknown}
 q - a potion of invisibility {unknown}
 r - 3 potions of haste {unknown}
 u - 3 potions of might {unknown}
 x - 4 potions of degeneration {unknown}
Comestibles
 c - 13 rations
 A - 2 chunks of flesh


   Skills:
 + Level 6.0 Fighting
 + Level 4.9 Axes
 + Level 5.4 Armour
 + Level 4.0 Dodging


You had 7 spell levels left.
You didn't know any spells.
Your spell library was empty.

Dungeon Overview and Level Annotations

Branches:
Dungeon (5/15)             Temple (1/1) D:5

Altars:
Cheibriados
Dithmenos
Gozag
Hepliaklqana
Ru
The Shining One


Innate Abilities, Weirdness & Mutations

You are resistant to torment.
Your stone body is resilient. (AC +5)
You are immune to poison.
You resist negative energy. (rN+)
You are resistant to electric shocks. (rElec)
You can survive without breathing.
You are immune to petrification.
You are immune to rotting.


Message History

Eat one of 3 chunks of flesh? (ye/n/q)
Okay, then.
Eat one of 3 chunks of flesh? (ye/n/q)
You eat one of the 3 chunks of flesh.
This raw flesh tastes terrible.
The orc wizard mumbles some strange words.
The orc wizard blinks!
The iguana bites you but does no damage.
The orc priest miscasts a cantrip.
The orc wizard casts a spell.
The orc wizard blinks!
The iguana bites you!
* * * LOW HITPOINT WARNING * * *
Okay, then.
Your skin crawls.
You feel resistant to hostile enchantments.
You are feeling hungry.
The orc wizard casts a spell.
The orc wizard blinks!
The orc priest invokes the aid of Beogh against you.
Beogh smites you!
You die...

.....##... .######.#.#
....^##.#.# ...#.##.# .
...#.##.# ##
...#.##.#### .#.#.#.....
.#.#.#..#############..§
.)(#..........?)@loo....
.############.#))#oo..#§
.# ......# ##.# .#
#.###..... .# # #.###.#
.# #.. .# .# ##.# # .#
.. .####


You could see an iguana, an orc priest and 3 orcs.

Vanquished Creatures
  An ice beast (D:5)
  3 ogres
  3 scorpions (D:4)
  A howler monkey (D:4)
  2 hounds
  A bullfrog skeleton (D:4)
  2 orc priests
  Ijyb (D:5)
  3 worker ants (D:4)
  A hound skeleton (D:4)
  4 adders
  An ooze (D:1)
  An adder skeleton (D:4)
  6 worms
  2 dart slugs
  6 leopard geckos
  16 orcs
  9 bats
  11 giant cockroaches
  3 goblins
  9 hobgoblins
  5 jackals
  4 kobolds
  A quokka (D:3)
  8 frilled lizards
  A jackal skeleton (D:4)
  13 rats
118 creatures vanquished.

Notes
Turn   | Place    | Note
-------+----------+-------------------------------------------
     0 | D:1      | Fang the Gargoyle Berserker began the quest for the Orb.
     0 | D:1      | Reached XP level 1. HP: 14/14 MP: 1/1
   237 | D:1      | Reached XP level 2. HP: 15/19 MP: 2/2
   480 | D:1      | Reached XP level 3. HP: 23/23 MP: 3/3
   795 | D:2      | Reached ** piety under Trog
  1062 | D:2      | Reached XP level 4. HP: 22/29 MP: 4/4
  1293 | D:2      | Reached skill level 4 in Fighting
  1662 | D:3      | Found a sacrificial altar of Ru.
  1912 | D:3      | Found a glowing golden altar of the Shining One.
  1916 | D:3      | Found an opulent altar of Gozag.
  1917 | D:3      | Found a snail-covered altar of Cheibriados.
  2111 | D:3      | Found a hazy altar of Hepliaklqana.
  2346 | D:3      | Reached XP level 5. HP: 31/33 MP: 5/5
  2525 | D:4      | Reached XP level 6. HP: 19/39 MP: 6/6
  2731 | D:4      | Reached *** piety under Trog
  2925 | D:4      | Reached skill level 5 in Fighting
  3063 | D:4      | Reached XP level 7. HP: 44/44 MP: 7/7
  3904 | D:5      | Entered Level 5 of the Dungeon
  3916 | D:5      | Noticed Ijyb
  3926 | D:5      | Killed Ijyb
  3935 | D:5      | Reached skill level 5 in Armour
  4314 | D:5      | Found a shadowy altar of Dithmenos.
  4367 | D:5      | Found a staircase to the Ecumenical Temple.
  4378 | Temple   | Entered the Ecumenical Temple
  4443 | D:5      | Reached XP level 8. HP: 30/51 MP: 8/8
  4452 | D:5      | Reached skill level 6 in Fighting
  4461 | D:5      | Killed from afar by an orc priest

Skill      XL: |  1  2  3  4  5  6  7  8 |
---------------+-------------------------+-----
Axes           | 3 4 |  4.9
Dodging        | 2 3 4 |  4.0
Armour         | 3 4 5 |  5.4
Fighting       | 4 5 6 |  6.0

Action                   |  1- 3 |  4- 6 |  7- 9 || total
-------------------------+-------+-------+-------++-------
Melee: Hand axe          |   150 |    80 |       ||   230
       War axe           |       |    96 |   125 ||   221
Invok: Berserk           |       |     1 |     2 ||     3
       Trog's Hand       |       |       |     2 ||     2
  Use: Scroll            |       |     1 |       ||     1
  Eat: Chunk             |     1 |     7 |     7 ||    15
Armor: Chain mail        |    94 |    99 |    56 ||   249
       Plate armour      |       |       |    28 ||    28
Dodge: Dodged            |    57 |    94 |    78 ||   229
